 Dungeon Crawl Stone Soup version 0.26-a0-812-g31a745ddcd (webtiles) character file.

Game seed: 1834693331374712268

749 tilp the Ruffian (level 7, 0/62 HPs)
             Began as an Ogre Transmuter on Dec 1, 2020.
             Was an Initiate of Gozag.
             Slain by an orc warrior
             ... wielding a +0 short sword
              (8 damage)
             ... on level 5 of the Dungeon.
             The game lasted 00:08:28 (7200 turns).

tilp the Ruffian (Ogre Transmuter)                  Turns: 7200, Time: 00:08:28

Health: 0/62       AC:  8    Str: 15    XL:     7   Next: 77%
Magic:  10/10      EV: 10    Int: 16    God:    Gozag
Gold:   332        SH:  0    Dex:  9    Spells: 4/10 levels left

rFire    . . .     SeeInvis .     - Unarmed
rCold    . . .     Faith    .   (no shield)
rNeg     . . .     Spirit   .   r - +1 robe of Space {MR+}
rPois    .         Reflect  .   (helmet restricted)
rElec    .         Harm     .   o - scarf {repulsion}
rCorr    .         Rampage  .   (gloves unavailable)
MR       +....                  (boots unavailable)
Stlth    ++........             (no amulet)
HPRegen  0.20/turn              l - +4 ring of protection
MPRegen  0.12/turn              (no ring)

@: studying Fighting, repel missiles
A: large, unfitting armour, tough skin 1
a: Potion Petition, Call Merchant, Bribe Branch, Renounce Religion


You were on level 5 of the Dungeon.
You worshipped Gozag.
Gozag was aware of your devotion.
You visited 1 branch of the dungeon, and saw 6 of its levels.

You collected 440 gold pieces.
You paid 108 gold pieces to Gozag.

Inventory:

Missiles
 b - 187 stones
 c - 15 poisoned darts (quivered)
 k - 7 atropa-tipped darts
Armour
 o - a scarf of repulsion (worn)
 r - the +1 robe of Space (worn) {MR+}
   (You found it on level 4 of the Dungeon)

   It affects your resistance to hostile enchantments.
Jewellery
 l - a +4 ring of protection (left hand)
Wands
 u - a wand of digging (5)
Scrolls
 a - a scroll of fog {unknown}
 f - 2 scrolls of remove curse
 g - 2 scrolls of teleportation
 h - a scroll of immolation {unknown}
 p - a scroll of random uselessness {unknown}
 t - a scroll of fear {unknown}
 v - a scroll of noise {unknown}
Potions
 d - a potion of brilliance
 j - a potion of mutation
 m - a potion of heal wounds {unknown}
 n - 3 potions of cancellation {unknown}
 q - a potion of berserk rage {unknown}
 s - a potion of haste {unknown}
Books
 i - a manual of Fighting


   Skills:
 - Level 1.3 Fighting
 - Level 1.7 Dodging
 + Level 3.6 Stealth
 + Level 5.8 Unarmed Combat
 - Level 2.4 Spellcasting
 - Level 4.0 Transmutations


You had 4 spell levels left.
You knew the following spells:

 Your Spells              Type           Power        Failure   Level
a - Beastly Appendage     Tmut           ##....       3%          1
b - Wereblood             Tmut           ##......     6%          2
c - Spider Form           Tmut/Pois      #.........   26%         3

Your spell library contained the following spells:

 Spells                   Type           Power        Failure   Level
 Ice Form                 Ice/Tmut       #.......     65%         4
 Blade Hands              Tmut           ##........   71%         5


Dungeon Overview and Level Annotations

Branches:
Dungeon (6/15)
 Temple: D:4-7

Altars:
Fedhas
Gozag
Nemelex Xobeh

Annotations:
D:3 exclusion: oklob plant
D:4 Menkaure
D:5 4 runed translucent doors


Innate Abilities, Weirdness & Mutations

You are too large for most types of armour.
You have tough skin. (AC +1)


Message History

The orc priest hits you but does no damage.
A worker ant comes into view.
The orc warrior hits you with a +0 short sword!
There is a stone staircase leading up here.
The orc priest closely misses you.
The orc warrior hits you with a +0 short sword!
You climb upwards.
Level annotation: 4 runed translucent doors
There is a stone staircase leading down here.
Unknown command.
The orc priest calls down the wrath of Beogh upon you.
Beogh smites you!
* * * LOW HITPOINT WARNING * * *
The orc priest invokes the aid of Beogh against you.
Beogh smites you!
* * * LOW HITPOINT WARNING * * *
You feel better. The orc warrior barely misses you.
The orc warrior hits you with a +0 short sword!
You die...
Your body crumbles into a pile of gold.

######## ####......########
..........'......#
.######...#......#
##....##..############
#.####.#.#.......o.>.#
#...#.##.........o...#
#.#.##.'.##++##.@....#
#.##.#####8..8##.....# ######
##(#..# #8...F8#..#### #....#
.###### #:....O#.## #....#
.###### #[....F#.# #....#
##...)# #8....8#.#########....#
#..#######8..8##..............#
#.##.#.'.##++##...............#
#.#.#..#......................#


You could see an orc warrior and an orc priest.

Vanquished Creatures
  A phantom (D:5)
  An eye of draining (D:5)
  2 scorpions (D:5)
  A bullfrog zombie (D:5)
  2 hounds
  7 worker ants
  A hound skeleton (D:5)
  A gnoll (D:1)
  6 adders
  A shadow imp (D:5)
  A white imp (D:5)
  An ufetubus (D:4)
  An adder zombie (D:5)
  An adder skeleton (D:4)
  5 dart slugs
  5 leopard geckos
  7 orcs
  A ball python (D:3)
  9 bats
  4 giant cockroaches
  10 hobgoblins
  17 jackals
  2 quokkas
  4 frilled lizards
  4 goblins
  5 kobolds
  A quokka skeleton (D:5)
  12 rats
113 creatures vanquished.

Notes
Turn   | Place    | Note
-------+----------+-------------------------------------------
     0 | D:1      | tilp the Ogre Transmuter began the quest for the Orb.
     0 | D:1      | Reached XP level 1. HP: 19/19 MP: 3/3
   244 | D:1      | Reached skill level 3 in Unarmed Combat
   262 | D:1      | Reached XP level 2. HP: 25/27 MP: 3/5
   324 | D:1      | Learned a level 2 spell: Wereblood
   624 | D:1      | Reached XP level 3. HP: 33/33 MP: 6/6
  1502 | D:2      | Reached XP level 4. HP: 35/41 MP: 5/7
  1715 | D:2      | Reached skill level 4 in Unarmed Combat
  2445 | D:2      | Learned a level 3 spell: Spider Form
  3641 | D:3      | Found a blossoming altar of Fedhas.
  3658 | D:3      | Noticed an oklob plant
  3808 | D:3      | Reached XP level 5. HP: 48/48 MP: 6/8
  4001 | D:4      | Noticed Menkaure
  4192 | D:4      | Got a silken robe
  4573 | D:4      | Found a sparkling altar of Nemelex Xobeh.
  4645 | D:4      | Reached skill level 1 in Stealth
  4950 | D:4      | Found a blossoming altar of Fedhas.
  5096 | D:4      | Reached XP level 6. HP: 36/55 MP: 9/9
  5358 | D:3      | Identified the +1 robe of Space {MR+} (You found it on
                  | level 4 of the Dungeon)
  5410 | D:5      | Entered Level 5 of the Dungeon
  5493 | D:5      | Found an opulent altar of Gozag.
  5535 | D:5      | Became a worshipper of Gozag Ym Sagoz the Greedy
  5540 | D:5      | Found a large runed translucent door.
  5540 | D:5      | Found a large runed translucent door.
  5543 | D:5      | Found a large runed translucent door.
  5543 | D:5      | Found a large runed translucent door.
  5544 | D:5      | Noticed a two-headed ogre
  6032 | D:5      | Noticed an eye of draining
  6043 | D:5      | Killed an eye of draining
  6043 | D:5      | Reached skill level 5 in Unarmed Combat
  6043 | D:5      | Reached XP level 7. HP: 62/62 MP: 1/10
  7197 | D:5      | HP: 2/62 [orc priest/divine providence (14)]
  7200 | D:5      | Slain by an orc warrior

Illustrated notes

Levels and vault maps discovered:
D:1:      shiori_shiawase, layout_loops_ring, minmay_cut_off
D:2:      layout_loops_corners, chequers_serial_rivers_small_3,
          chequers_serial_rivers_small_b
D:3:      layout_loops_corners, tgw_fedhas
D:4:      layout_basic, kennysheep_mini, nemelex_xobeh_ov_fountains_minmay,
          uniq_menkaure
D:5:      layout_gridville, kennysheep_little_box, minmay_hedge_maze,
          minmay_hollow_rounded_squares
D:6:      layout_rooms, minitemple, moated_statue, minmay_misc_feat_square

Skill      XL: |  1  2  3  4  5  6  7 |
---------------+----------------------+-----
Unarmed Combat | 3 4 5 |  5.8
Transmutations | 2 3 4 |  4.0
Stealth        | 1 2 3 |  3.6
Fighting       | |  1.3
Dodging        | |  1.7
Spellcasting   | |  2.4

Action                   |  1- 3 |  4- 6 |  7- 9 || total
-------------------------+-------+-------+-------++-------
Melee: Unarmed           |   103 |   239 |    63 ||   405
       Kick              |    17 |    36 |    12 ||    65
       Headbutt          |     9 |    30 |     9 ||    48
       Punch             |       |     4 |     2 ||     6
Throw: Stone             |       |     1 |       ||     1
       Dart              |       |    14 |     5 ||    19
 Cast: Beastly Appendage |    22 |    29 |     6 ||    57
       Wereblood         |     2 |     3 |     1 ||     6
  Use: Scroll            |       |     4 |       ||     4
       Potion            |       |     2 |     1 ||     3
 Stab: Sleeping          |       |     2 |     1 ||     3
Armor: Robe              |    25 |    69 |    41 ||   135
Dodge: Dodged            |    45 |   125 |    44 ||   214

Table legend: (Time is in decaauts)
 A = Elapsed time spent in this place.
 B = Non-inter-level travel time spent in this place.
 C = Inter-level travel time spent in this place.
 D = Time resting spent in this place.
 E = Time spent auto-exploring this place.
 F = Levels seen in this place.
 G = Mean time per level.
                   A        B        C        D        E       F      G
               +--------+--------+--------+--------+--------+-----+--------+
         Total |   7177 |   6863 |    314 |   1690 |   4335 |   6 | 1196.2 |
       Dungeon |   7177 |   6863 |    314 |   1690 |   4335 |   6 | 1196.2 |
               +--------+--------+--------+--------+--------+-----+--------+

Top non-repeatable levels by time:
     D:5: 1770 daAuts
     D:3: 1623 daAuts
     D:1: 1384 daAuts
     D:4: 1315 daAuts
     D:2: 1077 daAuts
     D:6: 7 daAuts
